Map: Acropolis LE

Players

Zanster

  • Race: Zerg Zerg
  • Spawn Location: 11:00

soO - Winner!

  • Race: Zerg Zerg
  • Spawn Location: 5:00

Event: HomeStory Cup XIX

VOD

Have the link to the VOD?

Description

Time

  • Played on: June 28, 2019, 2:09 p.m.
  • Length: 9:25

All games in this series

Show
View Real Time Build Order
Export as new Build Order

Zanster Zerg 

Build Orders: Hatch First 

Get SALT Encoding   

  12  0:00  Drone  
  13  0:12  Overlord  
  13  0:17  Drone  
  14  0:31  Drone x2  
  16  0:48  Hatchery  
  15  0:52  Drone  
  15  0:55  Drone  
  17  0:58  Drone  
  18  1:10  Extractor  
  17  1:13  Spawning Pool  
  17  1:16  Drone  
  17  1:20  Drone  
  18  1:29  Drone  
  19  1:39  Drone  
  20  1:51  Drone  
  21  2:00  Queen x2  
  25  2:01  Overlord  
  25  2:05  Drone  
  26  2:10  Metabolic Boost  
  26  2:13  Drone x2  
  28  2:18  Evolution Chamber  
  28  2:21  Drone  
  28  2:22  Drone  
  29  2:39  Hatchery  
  29  2:41  Drone  
  29  2:43  Drone  
  30  2:48  Zerg Melee Weapons Level 1  
  30  2:50  Drone  
  31  2:52  Drone  
  31  2:58  Overlord  
  32  3:00  Drone  
  32  3:04  Drone  
  34  3:10  Baneling Nest  
  34  3:12  Drone x3  
  36  3:17  Zergling x4  
  36  3:19  Zergling x2  
  39  3:21  Zergling x2  
  39  3:26  Zergling x4  
  42  3:33  Overlord  
  42  3:40  Queen  
  44  3:48  Overlord  
  44  3:53  Drone x5  
  44  3:54  Drone x2  
  51  3:57  Drone  
  51  3:58  Lair  
  51  4:00  Extractor  
  51  4:02  Drone  
  51  4:04  Drone  
  51  4:08  Drone  
  53  4:10  Drone  
  53  4:14  Drone x4  
  58  4:21  Drone x4  
  62  4:24  Overlord  
  62  4:25  Extractor  
  62  4:26  Extractor  
  60  4:34  Baneling  
  60  4:35  Baneling x3  
  60  4:36  Zergling x6  
  60  4:38  Overlord  
  63  4:42  Zergling x2  
  63  4:43  Baneling  
  64  4:48  Zergling x4  
  64  4:49  Zergling x2  
  64  4:50  Zergling x4  
  69  4:54  Overlord  
  65  5:04  Zergling x14  
  70  5:12  Overlord, Spire  
  68  5:17  Zergling x6  
  68  5:20  Zergling x6  
  73  5:24  Overlord  
  73  5:25  Baneling x4  
  73  5:28  Drone x4  
  74  5:37  Drone x3  
  74  5:39  Baneling x3  
  74  5:41  Drone x4  
  81  5:43  Extractor  
  81  5:46  Extractor  
  81  5:47  Overlord  
  66  6:06  Zergling x18  
  75  6:17  Overlord  
  75  6:26  Mutalisk  
  75  6:27  Mutalisk x5  
  75  6:28  Mutalisk  
  89  6:35  Mutalisk x2  
  89  6:38  Drone x4  
  97  6:41  Overlord  
  97  6:45  Mutalisk  
  99  6:48  Hatchery  
  99  6:52  Drone x5  
  103  6:54  Drone  
  103  6:57  Hydralisk Den  
  103  6:59  Zerg Missile Weapons Level 1  
  103  7:02  Drone  
  103  7:06  Overlord  
  103  7:07  Drone  
  103  7:08  Drone x3  
  108  7:15  Overlord  
  108  7:17  Mutalisk x2  
  112  7:23  Mutalisk  
  112  7:25  Mutalisk x2  
  112  7:27  Overlord  
  112  7:29  Mutalisk  
  118  7:33  Queen  
  118  7:35  Overlord  
  122  7:40  Overlord  
  122  7:44  Overlord  
  122  7:47  Mutalisk x3  
  128  7:52  Overlord  
  128  7:55  Zergling x14  
  134  8:08  Mutalisk x3  
  134  8:10  Spine Crawler x2  
  134  8:12  Mutalisk, Spine Crawler  
  140  8:14  Zergling x2, Spine Crawler  
  140  8:15  Zergling x4  
  140  8:18  Overlord  
  139  8:28  Mutalisk x2  
  139  8:30  Zergling x14  
  148  8:39  Mutalisk x2  
  148  8:40  Spine Crawler  
  151  8:41  Spine Crawler  
  150  8:50  Mutalisk x2  
  145  8:59  Mutalisk  
  145  9:01  Zergling x20  
Show
View Real Time Build Order
Export as new Build Order

soO Zerg - Winner!

Build Orders: Hatch First 

Get SALT Encoding   

  12  0:00  Drone  
  13  0:12  Overlord  
  13  0:17  Drone  
  14  0:30  Drone x2  
  16  0:47  Hatchery  
  15  0:50  Drone  
  15  0:54  Drone  
  17  0:57  Drone  
  18  1:08  Extractor  
  17  1:12  Spawning Pool  
  17  1:16  Drone  
  17  1:19  Drone  
  18  1:27  Drone  
  19  1:38  Drone  
  20  1:49  Overlord  
  20  1:59  Queen x2  
  20  2:00  Drone x2  
  26  2:07  Metabolic Boost  
  26  2:10  Drone x2  
  28  2:20  Drone  
  28  2:21  Drone  
  30  2:32  Hatchery  
  30  2:35  Drone  
  30  2:37  Drone  
  30  2:43  Baneling Nest  
  30  2:45  Zergling x2  
  30  2:47  Drone  
  32  2:54  Overlord  
  32  2:56  Drone  
  33  3:06  Drone x3  
  33  3:12  Zergling x2, Queen  
  39  3:13  Drone x2  
  39  3:16  Drone  
  39  3:17  Drone  
  43  3:21  Overlord  
  43  3:23  Drone  
  44  3:35  Overlord  
  44  3:41  Drone x3  
  47  3:45  Baneling, Zergling x6, Evolution Chamber  
  47  3:46  Baneling, Zergling x4  
  51  3:52  Zergling x2  
  52  3:58  Zergling x4  
  54  4:06  Drone x3  
  54  4:08  Extractor  
  56  4:10  Roach Warren  
  56  4:15  Drone x2  
  57  4:19  Drone, Zerg Missile Weapons Level 1  
  57  4:23  Drone  
  57  4:24  Drone  
  60  4:26  Baneling x2, Extractor  
  60  4:28  Drone  
  60  4:29  Drone x4  
  64  4:35  Drone  
  64  4:36  Drone  
  66  4:40  Lair  
  66  4:42  Overlord x2  
  66  4:48  Baneling  
  66  4:49  Overlord  
  66  4:58  Drone  
  66  4:59  Drone x2  
  65  5:06  Drone x3  
  68  5:07  Drone  
  68  5:08  Drone x2, Extractor x2  
  68  5:09  Roach x5  
  79  5:20  Roach x3  
  83  5:28  Roach x3  
  89  5:32  Baneling x2  
  89  5:33  Overlord  
  89  5:34  Overlord  
  89  5:35  Overlord  
  88  5:38  Glial Reconstitution  
  88  5:39  Baneling  
  88  5:40  Overlord  
  88  5:42  Overlord  
  88  5:43  Drone  
  88  5:45  Overlord  
  88  5:48  Overlord  
  88  5:49  Overlord  
  89  5:52  Baneling  
  89  5:54  Roach x2  
  89  5:56  Roach x3  
  99  6:01  Roach x2  
  99  6:02  Roach x2  
  104  6:04  Roach  
  106  6:12  Drone x2  
  106  6:13  Drone x3, Overlord  
  106  6:15  Roach  
  106  6:18  Overlord  
  113  6:19  Zerg Missile Weapons Level 2  
  113  6:23  Queen  
  113  6:24  Queen  
  116  6:27  Queen  
  116  6:32  Nydus Network  
  117  6:40  Overseer  
  117  6:51  Spore Crawler  
  117  6:52  Spore Crawler  
  115  6:55  Drone, Spore Crawler  
  115  6:56  Hydralisk Den, Drone  
  115  6:59  Queen x2  
  119  7:03  Queen  
  121  7:09  Nydus Canal  
  121  7:23  Nydus Canal  
  121  7:27  Grooved Spines  
  121  7:28  Overlord  
  121  7:31  Hydralisk x11  
  121  7:35  Queen  
  121  7:36  Overlord  
  145  7:37  Nydus Canal  
  145  7:41  Overlord  
  145  7:42  Overlord  
  143  8:01  Nydus Canal  
  143  8:04  Spore Crawler x2  
  141  8:06  Hydralisk x3  
  141  8:07  Roach x3  
  141  8:10  Overlord  
  153  8:13  Overlord  
  153  8:14  Overlord  
  153  8:19  Overlord  
  153  8:31  Nydus Canal  
  153  8:35  Roach x5  
  153  8:37  Roach x3  
  153  8:41  Roach x4  
  175  8:43  Overlord x2  
  175  8:47  Nydus Canal  
  175  8:51  Roach  
  169  9:00  Hydralisk, Roach  
  169  9:01  Hydralisk  
Tags
 
Add a new tag
Caveats
  • Supply blocks, unpowered buildings, or Contaminate may cause inaccurate times.
  • Supply counts are checked every 10 seconds.